 Dungeon Crawl Stone Soup version 0.31-a0-145-g046c7d2549 (webtiles) character file.

Game seed: 5696596200767750260

200 holysushi the Ducker (level 6, -2/43 HPs)
             Began as a Djinni Necromancer on June 6, 2023.
             Slain by a scorpion (3 damage)
             ... on level 5 of the Dungeon.
             The game lasted 00:05:28 (2298 turns).

holysushi the Ducker (Djinni Necromancer)           Turns: 2298, Time: 00:05:28

Health: -2/43      AC:  3    Str:  7    XL:     6   Next: 7%
Gold:   88         EV: 14    Int: 16    God:
                   SH:  0    Dex: 16

rFire   + + .        (no weapon)
rCold   x . .        (no shield)
rNeg    . . .        a - +0 robe
rPois   ∞            b - +0 helmet
rElec   .            (no cloak)
rCorr   .            (no gloves)
SInv    .            (boots unavailable)
Will    +....        (no amulet)
Stlth   ++           (no ring)
HPRegen 0.27/turn    (no ring)
MPRegen 0.00/turn

%: infuse magic (-3 HP)
@: enlightened, flying, very slightly contaminated, hasted, invisible, very
quick
A: sickness immunity, fire resistance 2, cold vulnerability 1, float, innate
caster, HP casting, extra vitality 1
a: no special abilities


You were on level 5 of the Dungeon.
You visited 1 branch of the dungeon, and saw 5 of its levels.

You collected 172 gold pieces.
You spent 84 gold pieces at shops.

Inventory:

Armour
 a - a +0 robe (worn)
 b - a +0 helmet (worn)
Scrolls
 f - a scroll of noise {unknown}
 g - a scroll of vulnerability {unknown}
 h - a scroll of magic mapping {unknown}
 j - a scroll of fear
 k - a scroll of poison {unknown}
 l - 2 scrolls of identify
Potions
 c - a potion of mutation
 d - a potion of cancellation {unknown}
 e - a potion of berserk rage
 n - a potion of enlightenment


   Skills:
 - Level 2.0 Fighting
 - Level 5.0 Dodging
 - Level 1.5 Stealth
 + Level 4.0 Spellcasting
 + Level 4.0 Conjurations
 + Level 4.0 Hexes
   Level 0.0 Charms
 + Level 4.0 Summonings
 + Level 4.0 Necromancy
 + Level 4.0 Translocations
 + Level 4.0 Transmutations
 + Level 4.0 Fire Magic
 + Level 4.0 Ice Magic
 + Level 4.0 Air Magic
 + Level 4.0 Earth Magic
 + Level 4.0 Poison Magic


You knew the following spells:

 Your Spells              Type           Power      Damage    Failure   Level
a - Sandblast             Erth           32%        2d9       3%          1
b - Vampiric Draining     Necr           16%        2d7       10%         3
c - Animate Dead          Necr           16%        N/A       32%         4
d - Agony                 Necr           16%        N/A       65%         5
e - Necrotise             Necr           64%        1d7       3%          1
f - Passwall              Tmut/Erth      13%        N/A       4%          2
Your spell library was empty.

Dungeon Overview and Level Annotations

Branches:
Dungeon (5/15) Zot: 26964
 Temple: D:4-7

Altars:

Shops:
D:1 (   D:2 ?


Innate Abilities, Weirdness & Mutations

You are immune to sickness and miasma.
You are immune to poison.
Your flesh is very heat resistant. (rF++)
You are vulnerable to cold. (rC-)
You float through the air rather than walking.
You learn spells naturally, not from books.
Your magical power is your life essence.
You have superior vitality. (+4 MHP)


Message History

It was a potion of enlightenment.
You feel more buoyant. The scorpion stings you.
* * * LOW HITPOINT WARNING * * *
It was a potion of curing.
You feel better. The scorpion barely misses you. x2
Casting: Vampiric Draining (dangerous; 10% risk of failure)
Confirm with . or Enter, or press ? or * to list all spells.
Aiming: Vampiric Draining (dangerous; 10% risk of failure)
Press: ? - help, Shift-Dir - straight line, f/p - scorpion
Aim: a scorpion (heavily wounded, unable to see you)
You draw life force from the scorpion.
You feel life coursing into your body.
* * * LOW HITPOINT WARNING * * *
The scorpion stings you.
* * * LOW HITPOINT WARNING * * *
Casting: Vampiric Draining (dangerous; 10% risk of failure)
Confirm with . or Enter, or press ? or * to list all spells.
Aiming: Vampiric Draining (dangerous; 10% risk of failure)
Press: ? - help, Shift-Dir - straight line, f/p - scorpion
Aim: a scorpion (almost dead, unable to see you)
You miscast Vampiric Draining.
Nothing appears to happen.
* * * LOW HITPOINT WARNING * * *
The scorpion misses you.
Unknown command.
Casting: Vampiric Draining (dangerous; 10% risk of failure)
Confirm with . or Enter, or press ? or * to list all spells.
Aiming: Sandblast (safe; 3% risk of failure)
Press: ? - help, Shift-Dir - straight line, f/p - scorpion
Aim: a scorpion (almost dead, unable to see you, 82% to hit)
The blast of sand hits the scorpion.
The scorpion is almost dead.
* * * LOW HITPOINT WARNING * * *
The scorpion completely misses you. The scorpion stings you.
* * * LOW HITPOINT WARNING * * *
Casting: Sandblast (safe; 3% risk of failure)
Confirm with . or Enter, or press ? or * to list all spells.
You don't have enough health to cast this spell.
Unknown command.
Unknown command.
It was a potion of haste.
You feel yourself speed up. The scorpion stings you.
You die...

####### .......
#####.......
#...@.......
......)s.......
...............
...............
...............
.........##....
.........# ....
.........# ...


You could see a scorpion (unable to see you).

Vanquished Creatures
  A jelly (D:5)
  An orc priest (D:5)
  7 adders
  A worm (D:3)
  2 dart slugs
  2 orcs (D:4)
  6 bats
  7 endoplasms
  A giant cockroach (D:2)
  7 goblins
  6 hobgoblins
  10 kobolds
  A quokka (D:3)
  8 ball pythons
  3 frilled lizards
  8 rats
71 creatures vanquished.

Notes
Turn   | Place    | Note
-------+----------+-------------------------------------------
     0 | D:1      | holysushi the Djinni Necromancer began the quest for the
                  | Orb.
     0 | D:1      | holysushi set off with the following spells memorised:
                  | Necrotise, Vampiric Draining, Animate Dead, Agony.
     0 | D:1      | Reached XP level 1. HP: 15/15 MP: 0/0
   234 | D:1      | Reached skill level 1 in Fighting
   296 | D:1      | Reached XP level 2. HP: 20/22 MP: 0/0
   547 | D:1      | Found Daixoin's Weapon Shoppe.
   710 | D:1      | Reached XP level 3. HP: 26/28 MP: 0/0
   710 | D:1      | Learned a level 1 spell: Sandblast
  1122 | D:2      | Reached skill level 3 in Dodging
  1309 | D:2      | Reached XP level 4. HP: 31/33 MP: 0/0
  1433 | D:2      | Found Iqur's Magic Scroll Shop.
  1436 | D:2      | Bought a scroll of identify for 28 gold pieces
  1436 | D:2      | Bought a scroll of fear for 56 gold pieces
  1539 | D:2      | Reached skill level 4 in Dodging
  1814 | D:3      | Reached XP level 5. HP: 37/38 MP: 0/0
  1814 | D:3      | Learned a level 2 spell: Passwall
  1900 | D:3      | Reached skill level 5 in Dodging
  2268 | D:5      | Entered Level 5 of the Dungeon
  2273 | D:5      | Reached XP level 6. HP: 10/43 MP: 0/0
  2293 | D:5      | HP: 2/43 [scorpion (1)]
  2298 | D:5      | Slain by a scorpion

Illustrated notes

Levels and vault maps discovered:
D:1:      evilmike_arrival_rings, layout_basic, serial_shops, shop
D:2:      layout_rooms, serial_shops, nicolae_shop_rolled_up
D:3:      minmay_general_purpose_star, layout_basic
D:4:      cheibrodos_pilgrimage, layout_loops_ring
D:5:      layout_rooms, minmay_temple_entry_hall, serial_shops,
          nicolae_diamond_shop, minmay_ogre_servants, uniq_ijyb

Skill      XL: |  1  2  3  4  5 |
---------------+----------------+-----
Fighting       | 1 2 |  2.0
Dodging        | 3 4 5 |  5.0
Spellcasting   | 4 |  4.0
Conjurations   | 4 |  4.0
Hexes          | 4 |  4.0
Summonings     | 4 |  4.0
Necromancy     | 4 |  4.0
Translocations | 4 |  4.0
Transmutations | 4 |  4.0
Fire Magic     | 4 |  4.0
Ice Magic      | 4 |  4.0
Air Magic      | 4 |  4.0
Earth Magic    | 4 |  4.0
Poison Magic   | 4 |  4.0
Stealth        | |  1.5

Action                     |  1- 3 |  4- 6 || total
---------------------------+-------+-------++-------
  Melee: Unarmed           |     7 |       ||     7
   Cast: Necrotise         |    27 |       ||    27
         Sandblast         |    20 |    62 ||    82
         Vampiric Draining |       |     2 ||     2
    Use: Scroll            |       |     3 ||     3
         Potion            |       |     4 ||     4
 Armour: Robe              |     6 |     2 ||     8
  Dodge: Dodged            |    20 |    34 ||    54

Table legend: (Time is in decaauts)
 A = Elapsed time spent in this place.
 B = Non-inter-level travel time spent in this place.
 C = Inter-level travel time spent in this place.
 D = Time resting spent in this place.
 E = Time spent auto-exploring this place.
 F = Levels seen in this place.
 G = Mean time per level.
                   A        B        C        D        E       F      G
               +--------+--------+--------+--------+--------+-----+--------+
         Total |   2338 |   2245 |     93 |     12 |   1721 |   5 |  467.6 |
       Dungeon |   2338 |   2245 |     93 |     12 |   1721 |   5 |  467.6 |
               +--------+--------+--------+--------+--------+-----+--------+

Top non-repeatable levels by time:
     D:1: 1100 daAuts
     D:3: 622 daAuts
     D:2: 503 daAuts
     D:4: 77 daAuts
     D:5: 34 daAuts
